 Dungeon Crawl Stone Soup version 0.30.2 (webtiles) character file.

Game seed: 7563811173680650959

78 porpoise the Cutter (level 4, 0/34 HPs)
             Began as a Demonspawn Gladiator on Apr 12, 2024.
             Slain by Terence
             ... wielding a +0 mace
              (7 damage)
             ... on level 2 of the Dungeon.
             The game lasted 00:04:59 (1749 turns).

porpoise the Cutter (Demonspawn Gladiator)          Turns: 1749, Time: 00:05:00

Health: 0/34       AC:  3    Str: 15    XL:     4   Next: 15%
Magic:  4/4        EV: 12    Int:  9    God:
Gold:   71         SH:  0    Dex: 16    Spells: 3/3 levels left

rFire   . . .        a - +0 rapier
rCold   . . .        (no shield)
rNeg    . . .        i - +0 leather armour
rPois   .            (helmet restricted)
rElec   .            (no cloak)
rCorr   .            (no gloves)
SInv    .            (no boots)
Will    .....        (no amulet)
Stlth   ++           (no ring)
HPRegen 0.25/turn    (no ring)
MPRegen 0.18/turn

%: no passive effects
@: no status effects
A: horns 1, magic regeneration
a: no special abilities


You were on level 2 of the Dungeon.
You visited 1 branch of the dungeon, and saw 2 of its levels.

You collected 71 gold pieces.

Inventory:

Hand Weapons
 a - a +0 rapier (weapon)
 b - a +0 sling
 l - a +1 short sword of freezing
Missiles
 d - 3 throwing nets (quivered)
 e - a javelin
Armour
 c - a +0 helmet
 i - a +0 leather armour (worn)
Wands
 k - a wand of acid (11)
Scrolls
 f - a scroll of enchant weapon {unknown}
 g - 2 scrolls of amnesia {unknown}
 h - a scroll of silence {unknown}
 j - a scroll of brand weapon {unknown}
 m - a scroll of fear {unknown}
 n - 3 scrolls of magic mapping {unknown}


   Skills:
 + Level 2.8 Fighting
 * Level 3.7 Short Blades
 - Level 1.7 Throwing
 - Level 2.6 Dodging
 + Level 1.7 Stealth


You had 3 spell levels left.
You didn't know any spells.
Your spell library was empty.

Dungeon Overview and Level Annotations

Branches:
Dungeon (2/15)

Altars:

Annotations:
D:2 Terence


Innate Abilities, Weirdness & Mutations

You have a pair of small horns on your head.
You regenerate magic rapidly.


Message History

You hit the giant cockroach.
You kill the giant cockroach!
No target in view!
Terence and a ball python come into view.
Terence shouts!
The ball python hisses angrily.
You puncture the ball python!
You kill the ball python!
Terence screams, "I'm going to kill you!"
Terence asks, "Do you want it fast or slow?"
Terence hits you with a +0 mace!
You closely miss Terence. Terence closely misses you.
You hit Terence.
Terence is lightly wounded.
Terence hits you with a +0 mace.
You hit Terence. Your headbutt misses Terence.
Terence is moderately wounded.
Terence hits you with a +0 mace.
You are too injured to fight recklessly!
You hit Terence.
Terence is heavily wounded.
Terence misses you.
You barely miss Terence.
Terence is heavily wounded.
Terence hits you with a +0 mace.
You hit Terence but do no damage.
Terence is heavily wounded.
Terence hits you but does no damage.
You hit Terence.
Terence is severely wounded.
Terence says, "Did you write a will?
You should..."
Terence hits you with a +0 mace.
* * * LOW HITPOINT WARNING * * *
You hit Terence. You headbutt Terence, but do no damage.
Terence is almost dead.
Terence hits you with a +0 mace.
* * * LOW HITPOINT WARNING * * *
You barely miss Terence.
Terence is almost dead.
Terence hits you with a +0 mace!
You die...

## #.# ..
#.# .. #.#
.. #.# ..
#.# .. #.#
.. #.# ..
.########.#
..
......@@..#
#
###########


You could see Terence.

Vanquished Creatures
  Natasha (D:2)
  A gnoll (D:1)
  2 dart slugs (D:1)
  3 ball pythons
  3 bats
  5 giant cockroaches
  3 goblins
  6 hobgoblins (D:1)
  2 jackals (D:1)
  3 quokkas (D:1)
  A frilled lizard (D:2)
  2 kobolds
  5 rats (D:1)
37 creatures vanquished.

Notes
Turn   | Place    | Note
-------+----------+-------------------------------------------
     0 | D:1      | porpoise the Demonspawn Gladiator began the quest for the
                  | Orb.
     0 | D:1      | Reached XP level 1. HP: 16/16 MP: 1/1
   162 | D:1      | Reached skill level 3 in Short Blades
   193 | D:1      | Gained mutation: You regenerate magic rapidly. [demonic
                  | ancestry]
   193 | D:1      | Reached XP level 2. HP: 22/22 MP: 2/2
   480 | D:1      | Reached skill level 1 in Stealth
   596 | D:1      | Reached XP level 3. HP: 15/28 MP: 3/3
  1404 | D:2      | Noticed Natasha
  1413 | D:2      | Killed Natasha
  1414 | D:2      | Gained mutation: You have a pair of small horns on your
                  | head. [demonic ancestry]
  1414 | D:2      | Reached XP level 4. HP: 9/34 MP: 4/4
  1737 | D:2      | Noticed Terence
  1749 | D:2      | Slain by Terence

Illustrated notes

Levels and vault maps discovered:
D:1:      evilmike_arrival_hilbert_curve, layout_loops_corners
D:2:      layout_basic, minmay_joined_circles, uniq_terence, uniq_natasha

Skill      XL: |  1  2 |
---------------+-------+-----
Short Blades   | 3 |  3.7
Stealth        | 1 |  1.7
Fighting       | |  2.8
Throwing       | |  1.7
Dodging        | |  2.6

Action                     |  1- 3 |  4- 6 || total
---------------------------+-------+-------++-------
  Melee: Rapier            |    89 |    28 ||   117
         Punch             |     2 |       ||     2
         Headbutt          |       |     3 ||     3
   Fire: Sling             |    14 |       ||    14
    Use: Potion            |     1 |       ||     1
 Armour: Leather armour    |    36 |    10 ||    46
  Dodge: Dodged            |    55 |    15 ||    70
